 Dungeon Crawl Stone Soup version 0.25-b1-23-ge2ad7d536c (webtiles) character file.

Game seed: 2326880412978043987, levelgen mode: deterministic

64 shakethe the Skirmisher (level 3, -1/30 HPs)
             Began as a Demonspawn Fighter on May 28, 2020.
             Slain by a gnoll
             ... wielding a +0 spear
              (2 damage)
             ... on level 2 of the Dungeon.
             The game lasted 00:03:34 (1606 turns).

shakethe the Skirmisher (Demonspawn Fighter)        Turns: 1606, Time: 00:03:35

Health: -1/30      AC:  8    Str: 17    XL:     3   Next: 91%
Magic:  3/3        EV:  7    Int:  9    God:
Gold:   68         SH:  9    Dex: 12    Spells: 2/2 levels left

rFire    . . .     SeeInvis .   a - +0 long sword
rCold    . . .     Gourm    .   c - +0 kite shield
rNeg     . . .     Faith    .   b - +0 scale mail
rPois    .         Spirit   .   (no helmet)
rElec    .         Reflect  .   (no cloak)
rCorr    .         Harm     .   (no gloves)
MR       .....                  (no boots)
Stlth    ..........             (no amulet)
HPRegen  0.10/turn              (no ring)
MPRegen  0.08/turn              (no ring)

@: no status effects
A: rugged brown scales 2
a: no special abilities


You were on level 2 of the Dungeon.
You were not hungry.

You visited 1 branch of the dungeon, and saw 2 of its levels.

You collected 68 gold pieces.

Inventory:

Hand Weapons
 a - a +0 long sword (weapon)
Armour
 b - a +0 scale mail (worn)
 c - a +0 kite shield (worn)
Scrolls
 e - a scroll of immolation {unknown}
 g - a scroll of remove curse {unknown}
 h - 2 scrolls of teleportation {unknown}
 i - a scroll of blinking {unknown}
 j - a scroll of amnesia {unknown}
 l - a scroll of random uselessness {unknown}
Potions
 d - 2 potions of might
Comestibles
 f - 4 rations
 k - 7 chunks of flesh


   Skills:
 + Level 3.5 Fighting
 + Level 2.4 Long Blades
 + Level 3.2 Armour
 + Level 3.1 Shields


You had 2 spell levels left.
You didn't know any spells.
Your spell library was empty.

Dungeon Overview and Level Annotations

Branches:
Dungeon (2/15)

Altars:
The Shining One


Innate Abilities, Weirdness & Mutations

You are mostly covered in rugged brown scales. (AC +2, +5% HP)


Message History

You kill the leopard gecko!
Your shield and scale mail prevent you from hitting the hobgoblin.
You block the hobgoblin's attack.
You closely miss the hobgoblin.
The hobgoblin hits you but does no damage.
The hobgoblin hits you with a +0 club.
* * * LOW HITPOINT WARNING * * *
You completely miss the hobgoblin. You block the hobgoblin's attack.
You hit the hobgoblin.
The hobgoblin is almost dead.
A hobgoblin comes into view. It is wielding a +0 club.
The hobgoblin hits you but does no damage.
The hobgoblin moves out of view.
You hit the hobgoblin.
You kill the hobgoblin!
The goblin hits you with a +0 club.
* * * LOW HITPOINT WARNING * * *
You barely miss the goblin.
The gnoll hits you from afar with a +0 spear.
You die...

...# #.# ...# .#.......
#...##.# .... ....lg.
#...##.# ...# #......
#...##.# ...# #.....
#...##.# ########.....
#...##.# ........#
#...##.#
........########...##.#
.......g(ggg@..รท...##.#
.......########.#.###.#
....... #.........#
....... ####.######
...g... #.......#
....... ##.#.##.#
....... #.#.##.# .......
#.#.##.# #.#.##.#


You could see 2 gnolls, a hobgoblin and a goblin.

Vanquished Creatures
  2 gnolls (D:2)
  A worm (D:2)
  A dart slug (D:1)
  3 leopard geckos
  2 giant cockroaches (D:1)
  4 goblins
  4 hobgoblins
  5 kobolds
  A quokka (D:2)
  A ball python (D:2)
  3 bats
  5 frilled lizards
  5 rats
37 creatures vanquished.

Notes
Turn   | Place    | Note
-------+----------+-------------------------------------------
     0 | D:1      | shakethe the Demonspawn Fighter began the quest for the
                  | Orb.
     0 | D:1      | Reached XP level 1. HP: 18/18 MP: 1/1
   190 | D:1      | Gained mutation: You are partially covered in rugged brown
                  | scales. (AC +1, +3% HP) [demonic ancestry]
   190 | D:1      | Reached XP level 2. HP: 16/24 MP: 2/2
  1238 | D:2      | Found a glowing golden altar of the Shining One.
  1260 | D:2      | Gained mutation: You are mostly covered in rugged brown
                  | scales. (AC +2, +5% HP) [demonic ancestry]
  1260 | D:2      | Reached XP level 3. HP: 16/30 MP: 3/3
  1605 | D:2      | HP: 1/30 [goblin/+0 club (4)]
  1606 | D:2      | Slain by a gnoll

Illustrated notes

Levels and vault maps discovered:
D:1:      dpeg_arrival_round_a, layout_basic, skrybe_limestone_x,
          serial_bayou_pond_d, minmay_misc_feat_diagonals,
          hangedman_decor_growths, minmay_misc_feat_columns
D:2:      layout_basic, tso_metal_star, minmay_misc_feat_pillars

Skill      XL: |  1  2 |
---------------+-------+-----
Long Blades    | 2 |  2.4
Armour         | 3 |  3.2
Shields        | 3 |  3.1
Fighting       | |  3.5

Action                   || total
-------------------------++-------
Melee: Long sword        ||   126
  Eat: Chunk             ||     2
Armor: Scale mail        ||    57
Dodge: Dodged            ||    35
Block: Kite shield       ||    51
       Rpst.: Long sword ||    14
